 Dungeon Crawl Stone Soup version 0.27-a0-1188-g73eefd5def (webtiles) character file.

Game seed: 11700006267754915436

85 bisexualwizard the Grave Robber (level 4, 0/39 HPs)
             Began as an Ogre Necromancer on May 22, 2021.
             Slain by an orc priest
             ... wielding a +0 short sword
              (5 damage)
             ... on level 3 of the Dungeon.
             The game lasted 00:08:12 (2912 turns).

bisexualwizard the Grave Robber (Ogre Necromancer)  Turns: 2912, Time: 00:08:14

Health: 0/39       AC:  3    Str: 13    XL:     4   Next: 48%
Magic:  1/8        EV: 10    Int: 16    God:
Gold:   52         SH:  0    Dex:  9    Spells: 4/9 levels left

rFire    . . .     SeeInvis .   e - +0 whip
rCold    . . .     Faith    .   (no shield)
rNeg     . . .     Spirit   .   a - +0 robe
rPois    .         Reflect  .   c - +0 hat
rElec    .         Harm     .   (no cloak)
rCorr    .         Rampage  .   (gloves unavailable)
Will     .....                  (boots unavailable)
Stlth    +.........             (no amulet)
HPRegen  0.13/turn              (no ring)
MPRegen  0.11/turn              (no ring)

@: no status effects
A: large, unfitting armour, tough skin 1
a: no special abilities


You were on level 3 of the Dungeon.
You visited 1 branch of the dungeon, and saw 3 of its levels.

You collected 52 gold pieces.

Inventory:

Hand Weapons
 d - a +0 short sword
 e - a +0 whip (weapon)
Missiles
 k - a throwing net
Armour
 a - a +0 robe (worn)
 b - a +0 ring mail
 c - a +0 hat (worn)
Scrolls
 f - 2 scrolls of enchant armour {unknown}
 g - 2 scrolls of magic mapping {unknown}
 h - a scroll of enchant weapon {unknown}
 i - a scroll of immolation {unknown}
 l - a scroll of acquirement {unknown}
 m - a scroll of summoning {unknown}
 n - a scroll of holy word {unknown}
Potions
 j - a potion of haste {unknown}


   Skills:
 + Level 2.1 Dodging
 - Level 1.4 Stealth
 + Level 3.2 Spellcasting
 * Level 4.8 Necromancy


You had 4 spell levels left.
You knew the following spells:

 Your Spells              Type           Power      Damage    Failure   Level
a - Pain                  Necr           68%        1d7       2%          1
b - Animate Skeleton      Necr           34%        N/A       2%          1
c - Vampiric Draining     Necr           8%         2d7       8%          3

Your spell library contained the following spells:

 Spells                   Type           Power      Damage    Failure   Level
 Animate Dead             Necr           8%         N/A       26%         4
 Agony                    Necr           17%        N/A       56%         5


Dungeon Overview and Level Annotations

Branches:
Dungeon (2/15)

Altars:
Vehumet


Innate Abilities, Weirdness & Mutations

You are too large for most types of armour.
You have tough skin. (AC +1)


Message History

The orc writhes in agony.
The orc barely misses you.
You hit the orc.
You kill the orc!
Casting: Pain (safe; 2% risk of failure)
Confirm with . or Enter, or press ? or * to list all spells.
Aiming: Pain (safe; 2% risk of failure)
Press: ? - help, Shift-Dir - straight line, f - orc
Aim: an orc, wielding a +0 short sword and quivering boomerangs (chance to affect: 87%)
The orc writhes in agony!
You kill the orc!
Items here: ( ))) †.
You barely miss the orc priest.
The orc priest hits you but does no damage.
Casting: Pain (safe; 2% risk of failure)
Confirm with . or Enter, or press ? or * to list all spells.
Aiming: Pain (safe; 2% risk of failure)
Press: ? - help, Shift-Dir - straight line, f - orc priest
Aim: an orc priest, wielding a +0 short sword (chance to affect: 76%)
The orc priest writhes in agony.
The orc priest barely misses you.
You closely miss the orc priest.
The orc priest is lightly wounded.
The orc priest hits you with a +0 short sword.
The orc priest calls down the wrath of Beogh upon you.
Beogh smites you!
* * * LOW HITPOINT WARNING * * *
Casting: Pain (safe; 2% risk of failure)
Confirm with . or Enter, or press ? or * to list all spells.
Aiming: Pain (safe; 2% risk of failure)
Press: ? - help, Shift-Dir - straight line, f/p - orc priest
Aim: an orc priest, wielding a +0 short sword (lightly wounded, chance to affect: 76%)
The orc priest writhes in agony.
The orc priest looks braver for a moment.
Casting: Pain (safe; 2% risk of failure)
Confirm with . or Enter, or press ? or * to list all spells.
Aiming: Pain (safe; 2% risk of failure)
Press: ? - help, Shift-Dir - straight line, f/p - orc priest
Aim: an orc priest, wielding a +0 short sword (moderately wounded, chance to affect: 76%)
The orc priest barely resists.
The orc priest hits you with a +0 short sword.
You die...

#..# #..# #..#
########..# ..........#
#######...# #...#
#.###########...#
+.....@o......>.#
##.######.###.#.#####.#
#.# #.#...>..[. #.#
#.######### #.# #.# ###
#.# .## #


You could see an orc priest.

Vanquished Creatures
  3 gnolls (D:2)
  An adder (D:2)
  2 worms
  A dart slug (D:2)
  3 orcs (D:3)
  A ball python (D:1)
  4 endoplasms
  2 giant cockroaches (D:1)
  A hobgoblin (D:1)
  4 kobolds (D:1)
  3 quokkas (D:1)
  2 bats
  A frilled lizard (D:1)
  4 goblins
  3 rats (D:2)
35 creatures vanquished.

Vanquished Creatures (others)
  A plant (D:2)
1 creature vanquished.

Grand Total: 36 creatures vanquished

Notes
Turn   | Place    | Note
-------+----------+-------------------------------------------
     0 | D:1      | bisexualwizard the Ogre Necromancer began the quest for the
                  | Orb.
     0 | D:1      | Reached XP level 1. HP: 16/16 MP: 3/3
   250 | D:1      | Reached skill level 4 in Necromancy
   250 | D:1      | Reached XP level 2. HP: 23/24 MP: 3/5
  1187 | D:1      | Learned a level 1 spell: Animate Skeleton
  1445 | D:2      | Reached XP level 3. HP: 14/31 MP: 4/7
  1935 | D:1      | Learned a level 3 spell: Vampiric Draining
  2413 | D:2      | Reached XP level 4. HP: 35/39 MP: 3/8
  2646 | D:2      | Found a radiant altar of Vehumet.
  2855 | D:2      | You fall into a shaft and drop 1 floor!
  2912 | D:3      | Slain by an orc priest

Illustrated notes

Levels and vault maps discovered:
D:1:      minmay_arrival_solitary_statue, layout_basic
D:2:      layout_rooms, basic_altar, chequers_big_river
D:3:      layout_basic, dk_yredelemnul_ordeal,
          shapermc_ecumenical_altar_hornbeckon

Skill      XL: |  1  2  3  4 |
---------------+-------------+-----
Necromancy     | 4 |  4.8
Dodging        | 2 |  2.1
Spellcasting   | 3 |  3.2
Stealth        | |  1.4

Action                   |  1- 3 |  4- 6 || total
-------------------------+-------+-------++-------
Melee: Unarmed           |     5 |       ||     5
       Whip              |    12 |     8 ||    20
 Cast: Pain              |    74 |    26 ||   100
       Animate Skeleton  |       |     3 ||     3
Armor: Robe              |    12 |     1 ||    13
Dodge: Dodged            |    14 |     7 ||    21

Table legend: (Time is in decaauts)
 A = Elapsed time spent in this place.
 B = Non-inter-level travel time spent in this place.
 C = Inter-level travel time spent in this place.
 D = Time resting spent in this place.
 E = Time spent auto-exploring this place.
 F = Levels seen in this place.
 G = Mean time per level.
                   A        B        C        D        E       F      G
               +--------+--------+--------+--------+--------+-----+--------+
         Total |   2919 |   2833 |     86 |   1655 |    603 |   3 |  973.0 |
       Dungeon |   2919 |   2833 |     86 |   1655 |    603 |   3 |  973.0 |
               +--------+--------+--------+--------+--------+-----+--------+

Top non-repeatable levels by time:
     D:1: 2122 daAuts
     D:2: 740 daAuts
     D:3: 57 daAuts
